 Dungeon Crawl Stone Soup version 0.31-a0-154-g56bf346678 (webtiles) character file.

Game seed: 14690044542664639212

193 jasper the Caller (level 5, -3/22 (24) HPs)
             Began as a Spriggan Summoner on June 11, 2023.
             Was an Initiate of the Shining One.
             Slain by an iguana (4 damage)
             ... on level 4 of the Dungeon.
             The game lasted 00:07:01 (3673 turns).

jasper the Caller (Spriggan Summoner)               Turns: 3673, Time: 00:07:01

HP:   -3/22 (24)    AC:  2    Str:  2    XL:     5   Next: 44%
MP:   9/10          EV: 17    Int: 18    God:    the Shining One [......]
Gold: 252           SH:  0    Dex: 16    Spells: 5/10 levels left

rFire   . . .        o - +2 trident "Kuur Adgh" {holy, *Noise rPois Will+++ Str-2}
rCold   . . .        (shield currently unavailable)
rNeg    . . .        a - +0 robe
rPois   +            (helmet restricted)
rElec   .            (no cloak)
rCorr   .            (gloves unavailable)
SInv    +            (boots unavailable)
Will    +++..        (no amulet)
Stlth   +            (no ring)
HPRegen 0.23/turn    (no ring)
MPRegen 0.12/turn

%: no passive effects
@: glowing, drained, very quick
A: very small, no large weapons, unfitting armour, see invisible, speed 3
a: Renounce Religion


You were on level 4 of the Dungeon.
You worshipped the Shining One.
The Shining One was noncommittal.
You visited 1 branch of the dungeon, and saw 4 of its levels.

You collected 252 gold pieces.

Inventory:

Hand Weapons
 h - a +2 dagger of flaming
 o - the +2 trident "Kuur Adgh" (weapon) {holy, *Noise rPois Will+++ Str-2}
   (You found it on level 4 of the Dungeon)

   Str:       It affects your strength (-2).
   rPois:     It protects you from poison.
   *Noise:    It may make noises in combat.
   Will:      It greatly increases your willpower.
Missiles
 f - 5 poisoned darts
Armour
 a - a +0 robe (worn)
 i - an orb of mayhem
Wands
 k - a wand of roots (6)
Scrolls
 d - 2 scrolls of teleportation
 e - a scroll of enchant armour {unknown}
 j - a scroll of vulnerability
 n - a scroll of blinking
 q - a scroll of identify
Potions
 b - 2 potions of magic
 c - a potion of heal wounds
 g - a potion of resistance
 l - a potion of enlightenment
 m - a potion of might
 p - a potion of haste


   Skills:
 + Level 0.1 Fighting
 - Level 2.6 Dodging
 - Level 3.0 Stealth
 - Level 3.0 Spellcasting
 * Level 5.5 Summonings


You had 5 spell levels left.
You knew the following spells:

 Your Spells              Type           Power      Damage    Failure   Level
b - Call Imp              Summ           44%        N/A       2%          2
c - Call Canine Familiar  Summ           22%        N/A       4%          3

Your spell library contained the following spells:

 Spells                   Type           Power      Damage    Failure   Level
 Summon Small Mammal      Summ           88%        N/A       1%          1
 Summon Guardian Golem    Hex/Summ       12%        N/A       16%         3
 Summon Lightning Spire   Summ/Air       12%        N/A       45%         4


Dungeon Overview and Level Annotations

Branches:
Dungeon (4/15)
 Temple: D:4-7

Altars:
Wu Jian
The Shining One


Innate Abilities, Weirdness & Mutations

You are very small and have problems with some larger weapons.
You are too small for most types of armour.
You have supernaturally acute eyesight. (SInv)
You cover ground extremely quickly. (Speed+++)


Message History

The iguana closely misses you.
Your hound bites the iguana.
You swap places.
Your hound bites the iguana but does no damage.
Your hound barely misses the iguana.
The iguana closely misses you.
Found a fine trident and 4 gold pieces.
Your hound barely misses the iguana.
Your hound misses the iguana.
Found a fluorescent wand.
Your hound bites the iguana but does no damage.
Found a stone staircase leading down.
Your hound barely misses the iguana.
Your hound barely misses the iguana.
You see here the +2 trident "Kuur Adgh" {holy, *Noise rPois Will+++ Str-2}.
o - the +2 trident "Kuur Adgh" {holy, *Noise rPois Will+++ Str-2} Your +2 dagger of flaming stops flaming.
You feel weaker.
The +2 trident "Kuur Adgh" {holy, *Noise rPois Will+++ Str-2} softly glows with a divine radiance!
o - the +2 trident "Kuur Adgh" (weapon)
{holy, *Noise rPois Will+++ Str-2} Your hound bites the iguana.
Reach: o) +2 trident "Kuur Adgh" {holy, *Noise rPois Will+++ Str-2}
Press: ? - help, Dir - move target, f - iguana
Aim: an iguana (moderately wounded, ally target, about 36% to evade the +2 trident "Kuur Adgh")
You reach to attack!
You barely miss the iguana.
The iguana is moderately wounded.
Your hound bites the iguana.
Reach: o) +2 trident "Kuur Adgh" {holy, *Noise rPois Will+++ Str-2}
Press: ? - help, Dir - move target, f/p - iguana
Aim: an iguana (heavily wounded, ally target, about 36% to evade the +2 trident "Kuur Adgh")
You hit the iguana.
The iguana is severely wounded.
The iguana closely misses you.
Your hound bites the iguana but does no damage.
Reach: o) +2 trident "Kuur Adgh" {holy, *Noise rPois Will+++ Str-2}
Press: ? - help, Dir - move target, f/p - iguana
Aim: an iguana (severely wounded, ally target, about 36% to evade the +2 trident "Kuur Adgh")
You hit the iguana.
The iguana is almost dead.
Your hound bites the iguana but does no damage.
The iguana bites you!
* * * LOW HITPOINT WARNING * * *
Your hound barely misses the iguana.
The iguana bites you.
You die...

......# ............
......./#....#......#..
...........# #......##.
..>........ #.....###.
..........####.....# ##
..........#......## #
................# #
##..............###
#@lh.......##.....
#..........# #....
#..........# #..##
##.........# #..#
#$..........# #.##
...##........ #..#
..#####.......##... .##
........<...
#######....


You could see an iguana (ally target) and a friendly hound (summoned).

Vanquished Creatures
  An adder (D:3)
  An orc (D:4)
  An endoplasm (D:3)
  2 giant cockroaches (D:3)
  4 hobgoblins
  4 jackals
  2 quokkas
  2 ball pythons
  A bat (D:2)
  2 frilled lizards (D:2)
  2 goblins (D:3)
  A kobold (D:3)
  4 rats
27 creatures vanquished.

Vanquished Creatures (collateral kills)
  Terence (D:3)
  Natasha (thrice) (D:2)
  An adder (D:2)
  A worm (D:2)
  2 dart slugs
  3 orcs (D:4)
  3 ball pythons
  2 bats (D:1)
  3 endoplasms
  2 giant cockroaches (D:3)
  2 goblins
  3 hobgoblins
  4 jackals (D:1)
  2 kobolds (D:1)
  4 quokkas
  3 rats
39 creatures vanquished.

Grand Total: 66 creatures vanquished

Notes
Turn   | Place    | Note
-------+----------+-------------------------------------------
     0 | D:1      | jasper the Spriggan Summoner began the quest for the Orb.
     0 | D:1      | Reached XP level 1. HP: 9/9 MP: 5/5
   187 | D:1      | Reached XP level 2. HP: 11/13 MP: 5/7
   205 | D:1      | Learned a level 2 spell: Call Imp
   855 | D:1      | Reached skill level 4 in Summonings
  1045 | D:1      | Reached XP level 3. HP: 15/16 MP: 5/8
  1049 | D:1      | Learned a level 3 spell: Call Canine Familiar
  1306 | D:2      | Noticed Natasha
  1341 | D:2      | Killed Natasha
  1592 | D:2      | Noticed Natasha
  1598 | D:2      | Killed Natasha
  1599 | D:2      | Reached XP level 4. HP: 9/21 MP: 3/9
  1772 | D:2      | Noticed Natasha
  1780 | D:2      | Killed Natasha
  1781 | D:2      | Reached skill level 5 in Summonings
  2339 | D:3      | Noticed Terence
  2372 | D:3      | Killed Terence
  2373 | D:3      | Reached XP level 5. HP: 20/24 MP: 2/10
  2750 | D:3      | Identified the +3 spear of Emotudwa {drain, Int+2}
  2963 | D:3      | Found a glowing golden altar of the Shining One.
  3034 | D:3      | Became a worshipper of the Shining One
  3068 | D:3      | Found an ornate altar of the Wu Jian Council.
  3667 | D:4      | Identified the +2 trident "Kuur Adgh" {holy, *Noise rPois
                  | Will+++ Str-2}
  3673 | D:4      | HP: 1/22 [iguana (8)]
  3673 | D:4      | Slain by an iguana

Illustrated notes

Levels and vault maps discovered:
D:1:      wander_arrival_fairy_ring, layout_basic, chequers_serial_rivers_marsh,
          minmay_door_square, corexii_hall_statues_i
D:2:      layout_basic, serial_corexii_hall, corexii_hall_statues_s,
          corexii_hall_statues_i, uniq_natasha
D:3:      layout_basic, nzn_wu_jian_council_hall, overflow_temple_1_default,
          uniq_terence
D:4:      layout_layer_cave, kennysheep_little_box, minmay_diced_spiral

Skill      XL: |  1  2  3  4 |
---------------+-------------+-----
Spellcasting   | 3 |  3.0
Summonings     | 4 5 |  5.5
Fighting       | |  0.1
Dodging        | |  2.6
Stealth        | |  3.0

Action                     |  1- 3 |  4- 6 || total
---------------------------+-------+-------++-------
  Melee: Unarmed           |    35 |       ||    35
         Dagger            |    20 |    61 ||    81
         Punch             |     1 |       ||     1
         Trident           |       |     3 ||     3
   Cast: Summon Small Mamm |     9 |       ||     9
         Call Imp          |    20 |     6 ||    26
         Call Canine Famil |     4 |     7 ||    11
  Evoke: Wand              |     2 |       ||     2
    Use: Scroll            |       |    11 ||    11
   Stab: Sleeping          |     3 |     4 ||     7
 Armour: Robe              |     8 |     7 ||    15
  Dodge: Dodged            |    77 |    49 ||   126

Table legend: (Time is in decaauts)
 A = Elapsed time spent in this place.
 B = Non-inter-level travel time spent in this place.
 C = Inter-level travel time spent in this place.
 D = Time resting spent in this place.
 E = Time spent auto-exploring this place.
 F = Levels seen in this place.
 G = Mean time per level.
                   A        B        C        D        E       F      G
               +--------+--------+--------+--------+--------+-----+--------+
         Total |   2641 |   2543 |     98 |     68 |   1826 |   4 |  660.2 |
       Dungeon |   2641 |   2543 |     98 |     68 |   1826 |   4 |  660.2 |
               +--------+--------+--------+--------+--------+-----+--------+

Top non-repeatable levels by time:
     D:1: 863 daAuts
     D:2: 839 daAuts
     D:3: 705 daAuts
     D:4: 232 daAuts
